 Dungeon Crawl Stone Soup version 0.22-a0-782-g038298e (webtiles) character file.

5 Mgcat the Ruffian (level 1, 0/19 HPs)
             Began as a Ghoul Berserker on July 20, 2018.
             Was a Follower of Trog.
             Slain by a jackal (1 damage)
             ... on level 1 of the Dungeon.
             The game lasted 00:00:29 (57 turns).

Mgcat the Ruffian (Ghoul Berserker)                   Turns: 57, Time: 00:00:29

Health: 0/19       AC:  2    Str: 19    XL:     1   Next: 80%
Magic:  0/0        EV: 12    Int:  3    God:    Trog [*.....]
Gold:   0          SH:  0    Dex:  8    Spells: 0/0 levels left

rFire    . . .     SeeInvis .     - Unarmed
rCold    + . .     Gourm    .   (no shield)
rNeg     + + +     Faith    .   a - +0 animal skin
rPois    ∞         Spirit   .   (no helmet)
rElec    .         Reflect  .   (no cloak)
rCorr    .         Harm     .   (no gloves)
MR       .....                  (no boots)
Stlth    +.........             (no amulet)
HPRegen  0.00/turn              (no ring)
MPRegen  0.07/turn              (no ring)

@: rotting
A: rotting body, claws 1, carnivore, cold resistance 1, negative energy
resistance 3, inhibited regeneration, torment resistance, unbreathing
a: Renounce Religion


You were on level 1 of the Dungeon.
You worshipped Trog.
Trog was aware of your devotion.
You were not hungry.

You visited 1 branch of the dungeon, and saw 1 of its levels.

Inventory:

Armour
 a - a +0 animal skin (worn)
Comestibles
 b - 2 rations
 c - 3 chunks of flesh {@w0}


   Skills:
 + Level 3.3 Fighting
 * Level 1.9 Armour
 * Level 1.9 Dodging
 * Level 3.4 Unarmed Combat


You couldn't memorise any spells.
You didn't know any spells.
Your spell library was empty.

Dungeon Overview and Level Annotations

Branches:
Dungeon (1/15)

Altars:


Innate Abilities, Weirdness & Mutations

Your body is rotting away.
You thrive on raw meat.
You are immune to poison.
You have sharp fingernails.
You are carnivorous and can eat meat at any time.
Your flesh is cold resistant. (rC+)
You are immune to negative energy. (rN+++)
You do not regenerate when monsters are visible.
You are immune to unholy pain and torment.
You can survive without breathing.


Message History

The kobold shouts!
You hear an angry hiss.
The kobold closely misses you.
You closely miss the kobold. The kobold hits you but does no damage.
You scratch the kobold.
The kobold is severely wounded.
The kobold hits you but does no damage.
You scratch the kobold.
You kill the kobold!
Trog accepts your kill.
A frilled lizard comes into view.
A rat comes into view.
The frilled lizard closely misses you.
Things that are here:
a short sword; a kobold corpse You closely miss the frilled lizard.
The frilled lizard bites you but does no damage.
There are monsters nearby!
You miss the frilled lizard.
The frilled lizard bites you but does no damage.
You closely miss the frilled lizard. The frilled lizard closely misses you.
You scratch the frilled lizard.
You kill the frilled lizard!
Trog accepts your kill.
You scratch the rat.
You kill the rat!
Trog accepts your kill.
No target in view!
No target in view!
No target in view!
You butcher the kobold corpse.
c - 3 chunks of flesh {@w0} You see here a short sword. x2
You butcher the frilled lizard corpse.
c - 4 chunks of flesh {@w0} (gained 1)
A hobgoblin comes into view. It is wielding a club.
The hobgoblin shouts!
A hobgoblin is nearby!
The hobgoblin barely misses you.
You see here a ration.
You scratch the hobgoblin.
You kill the hobgoblin!
Trog accepts your kill.
No target in view!
No target in view!
b - 2 rations (gained 1) Key pressed, stopping explore.
You feel your flesh rotting away.
Eating one of 4 chunks of flesh {@w0}.
You eat one of the 4 chunks of flesh {@w0}.
You feel more resilient.
This raw flesh tastes great!
Key pressed, stopping explore.
A jackal comes into view.
The jackal barks!
You hear a bark!
A jackal comes into view.
A jackal comes into view. x2
You scratch the jackal.
The jackal is almost dead.
The jackal barely misses you. x2
You closely miss the jackal.
The jackal is severely wounded.
The jackal barely misses you. The jackal bites you.
You scratch the jackal but do no damage.
The jackal is severely wounded.
The jackal barely misses you. The jackal misses you.
You scratch the jackal.
You kill the jackal!
Trog accepts your kill. The jackal barely misses you. The jackal misses you.
You scratch the jackal but do no damage.
The jackal closely misses you. The jackal bites you.
The jackal barely misses you. The jackal completely misses you.
You closely miss the jackal. The jackal bites you.
The jackal bites you but does no damage.
The jackal closely misses you. The jackal misses you.
Okay, then.
Okay, then.
Unknown command.
Okay, then.
Unknown command.
Unknown command.
Unknown command.
The jackal bites you but does no damage.
You closely miss the jackal. The jackal bites you. x2
You scratch the jackal.
The jackal is heavily wounded.
The jackal barely misses you. x2
The jackal bites you but does no damage.
The jackal bites you. x2; The jackal barely misses you.
You barely miss the jackal.
The jackal is moderately wounded.
The jackal barely misses you. The jackal bites you.
* * * LOW HITPOINT WARNING * * *
The jackal bites you.
* * * LOW HITPOINT WARNING * * *
The jackal bites you.
* * * LOW HITPOINT WARNING * * *
You scratch the jackal but do no damage.
The jackal is moderately wounded.
The jackal bites you.
You die...

.# .# ..# ..#
...# ######..?#
##.h@h....+
#...#h.#....
#...##.......
#..#..##..###.
#..###..##..#
#..# ##..##..#
#..# ##..##...
..# ##..##.. .#
#########..#####


You could see 3 jackals.

Vanquished Creatures
  A hobgoblin (D:1)
  A jackal (D:1)
  A kobold (D:1)
  A frilled lizard (D:1)
  A rat (D:1)
5 creatures vanquished.

Notes
Turn   | Place    | Note
-------+----------+-------------------------------------------
     0 | D:1      | Mgcat the Ghoul Berserker began the quest for the Orb.
     0 | D:1      | Reached XP level 1. HP: 19/19 MP: 0/0
    56 | D:1      | HP: 2/19 [jackal (3)]
    57 | D:1      | Slain by a jackal

Vault maps used:
D:1:      dpeg_chamrin_arrival_tetris, palyth_stone_intersect, minivault_11,
          minmay_pentomino_x4

Action                   || total
-------------------------++-------
Melee: Unarmed           ||    19
  Eat: Chunk             ||     1
Armor: Animal skin       ||     5
Dodge: Dodged            ||    20

Table legend:
 A = Spawn XP
 B = Non-spawn XP
 C = Spawn XP percentage of total XP
 D = Spawn monster count
 E = Non-spawn monster count
 F = Spawn count percentage of total count
 G = Total turns spent on level
                    A         B        C        D         E        F      G
               +---------+---------+-------+---------+---------+-------+---------
         Total |       0 |       8 |   0.0 |       0 |       5 |   0.0 |    57
               +---------+---------+-------+---------+---------+-------+---------
           D:1 |       0 |       8 |   0.0 |       0 |       5 |   0.0 |    57
               +---------+---------+-------+---------+---------+-------+---------

Vault maps used:
D:1:      dpeg_chamrin_arrival_tetris, palyth_stone_intersect, minivault_11,
          minmay_pentomino_x4

Table legend:
 A = Turns spent in this place as a percentage of turns spent in the entire game.
 B = Non-inter-level travel turns spent in this place as a percentage of non-inter-level travel turns spent in the entire game.
 C = Inter-level travel turns spent in this place as a percentage of turns spent in this place.
 D = Turns resting spent in this place as a percentage of non-inter-level travel turns spent in this place.
 E = Turns spent auto-exploring this place as a percentage of non-inter-level travel turns spent in this place.
 F = Non-inter-level travel turns spent in this place divided by the number of levels of this place that you've seen.
                   A       B       C       D       E      F
               +-------+-------+-------+-------+-------+----------------------
         Total | 100.0 | 100.0 |   0.0 |   0.0 |  47.4 |  57.0
       Dungeon | 100.0 | 100.0 |   0.0 |   0.0 |  47.4 |  57.0
               +-------+-------+-------+-------+-------+----------------------

Table legend:
 A = Kills in this place as a percentage of kills in entire the game.
 B = Kills by you in this place as a percentage of kills by you in the entire game.
 C = Kills by friends in this place as a percentage of kills by friends in the entire game.
 D = Other kills in this place as a percentage of other kills in the entire game.
 E = Experience gained in this place as a percentage of experience gained in the entire game.
 F = Experience gained in this place divided by the number of levels of this place that you have seen.
                   A       B       C       D       E      F
               +-------+-------+-------+-------+-------+----------------------
         Total | 100.0 | 100.0 |   N/A |   N/A | 100.0 |   8.0
       Dungeon | 100.0 | 100.0 |   N/A |   N/A | 100.0 |   8.0
               +-------+-------+-------+-------+-------+----------------------
